 Dungeon Crawl Stone Soup version 0.25-a0-942-g87a53962fc (webtiles) character file.

Game seed: 14807613584343439557, levelgen mode: deterministic

39449 Strow the Severer (level 13, -8/117 HPs)
             Began as a Minotaur Berserker on May 7, 2020.
             Was a High Priest of Trog.
             Mangled by a 15-headed hydra (9 damage)
             ... on level 6 of the Lair of Beasts.
             The game lasted 01:41:36 (15064 turns).

Strow the Severer (Minotaur Berserker)             Turns: 15064, Time: 01:41:36

Health: -8/117     AC: 17    Str: 26    XL:     13   Next: 69%
Magic:  16/16      EV: 11    Int:  5    God:    Trog [*****.]
Gold:   1337       SH:  5    Dex: 10    Spells: 12/12 levels left

rFire    . . .     SeeInvis +   X - +14 obsidian axe {vorpal, +Fly SInv *Curse} (curse)
rCold    . . .     Gourm    .   L - +0 buckler
rNeg     . . .     Faith    .   G - +0 plate armour
rPois    .         Spirit   .   T - +0 hat {MR+}
rElec    .         Reflect  .   J - scarf {cloud immunity}
rCorr    .         Harm     .   y - +0 pair of gloves
MR       ++...                  (no boots)
Stlth    ..........             k - amulet of regeneration
HPRegen  0.69/turn              Q - ring of protection from magic
MPRegen  0.15/turn              D - +1 ring of protection

@: mesmerised, very slightly contaminated, invisible
A: retaliatory headbutt, horns 2
a: Berserk, Trog's Hand, Brothers in Arms, Renounce Religion, Evoke Flight


You were on level 6 of the Lair of Beasts.
You worshipped Trog.
Trog was extremely pleased with you.
You were not hungry.

You visited 2 branches of the dungeon, and saw 14 of its levels.

You collected 1337 gold pieces.

Inventory:

Hand Weapons
 A - a +0 battleaxe
 X - the cursed +14 obsidian axe (weapon) {vorpal, +Fly SInv *Curse}
   (You found it on level 3 of the Lair of Beasts)

   It inflicts extra damage upon your enemies.
   It lets you see invisible.
   It lets you fly.
   It curses itself when equipped.
   It has a curse placed upon it.
Armour
 v - a +1 cloak
 y - a +0 pair of gloves (worn)
 G - a +0 plate armour (worn)
 J - a scarf of cloud immunity (worn)
 L - a +0 buckler (worn)
 T - a +0 hat of magic resistance (worn)
 Y - a cursed +0 chain mail
Jewellery
 k - an amulet of regeneration (around neck)
 B - an uncursed ring of stealth
 D - a +1 ring of protection (right hand)
 E - an uncursed ring of fire
 Q - a ring of protection from magic (left hand)
Wands
 a - a wand of disintegration (9)
 o - a wand of flame (17)
 r - a wand of polymorph (3)
 N - a wand of clouds (5)
 O - a wand of iceblast (8)
 S - a wand of digging (10)
Scrolls
 c - 2 scrolls of teleportation
 d - a scroll of immolation {unknown}
 e - 4 scrolls of fog
 h - 3 scrolls of summoning
 i - 4 scrolls of identify
 l - 4 scrolls of remove curse
 m - 2 scrolls of fear
 p - a scroll of enchant armour {unknown}
 s - 2 scrolls of enchant weapon
 t - 2 scrolls of magic mapping
 w - 3 scrolls of blinking
 M - a scroll of vulnerability {unknown}
 W - a scroll of torment {unknown}
Potions
 f - 7 potions of curing
 g - 4 potions of heal wounds {unknown}
 j - 4 potions of haste
 n - 2 potions of flight
 q - 2 potions of might {unknown}
 u - 2 potions of ambrosia {unknown}
 x - 2 potions of lignification {unknown}
 z - 2 potions of resistance {unknown}
 C - a potion of magic {unknown}
 F - a potion of mutation {unknown}
 H - 2 potions of degeneration {unknown}
 I - a potion of brilliance {unknown}
 V - a potion of stabbing {unknown}
 Z - a potion of cancellation {unknown}
Miscellaneous
 R - a phial of floods (inert)
Comestibles
 b - 18 rations
 K - 5 chunks of flesh


   Skills:
 + Level 11.8 Fighting
 + Level 17.6 Axes
 + Level 11.8 Armour
 * Level 8.7 Dodging
 * Level 7.9 Shields
 * Level 6.3 Evocations


You had 12 spell levels left.
You didn't know any spells.
Your spell library was empty.

Dungeon Overview and Level Annotations

Branches:
Dungeon (8/15)             Temple (0/1) D:7            Lair (6/6) D:8
  Swamp (0/4) Lair:4       Spider (0/4) Lair:2        Slime (0/5) Lair:6

Altars:
Ashenzari
Elyvilon
Hepliaklqana
Makhleb
Nemelex Xobeh
Okawaru
Trog
Uskayaw
Wu Jian
Xom
The Shining One

Annotations:
D:8 1 runed translucent door, Nixze's ghost, novice DrFE


Innate Abilities, Weirdness & Mutations

You reflexively headbutt those who attack you in melee.
You have a pair of horns on your head.


Message History

The 15-headed hydra barely misses you. The 15-headed hydra closely misses you.
You block the 15-headed hydra's attack. The 15-headed hydra closely misses you.
The 15-headed hydra barely misses you.
The 15-headed hydra bites you but does no damage.
The 15-headed hydra bites you!
* * * LOW HITPOINT WARNING * * *
The yak gores you but does no damage.
You are very lightly contaminated with residual magic.
You fade further into invisibility.
You block the 15-headed hydra's attack. The 15-headed hydra closely misses you.
The 15-headed hydra bites you but does no damage. x4
The 15-headed hydra barely misses you. The 15-headed hydra closely misses you.
The 15-headed hydra bites you.
* * * LOW HITPOINT WARNING * * *
The 15-headed hydra bites you but does no damage.
The 15-headed hydra bites you!
* * * LOW HITPOINT WARNING * * *
The 15-headed hydra bites you but does no damage.
The 15-headed hydra bites you!
You die...

..'........P#...###..# ###..###
.:'....PP..P.........# #.......
..'...###...........## #.......
..#.### #P...(......# #......
#.#.## ##.........## .#....
###..# #........######## ##P..
##..#### ##....#.Y...#...#######.
######.###.....##Y.Y......P##.##.
## ###.#.....##@DYY..........###
.# #...........##Y..........#...
.#####..........##.............##
#.#..............##.............#
................###.............#
..≈P≈.....[......###...........P#
...≈≈≈...........# #.............
..≈≈≈≈..........## ##P.........##
...♣.≈..........# ##..........


You could see a 15-headed hydra and 6 yaks.

Vanquished Creatures
  Gastronok (Lair:3)
  The ghost of Ritopur the Grappler, a journeyman DrTm of Gozag (Lair:6)
  An ice dragon (Lair:6)
  2 hydras
  5 death yaks (Lair:4)
  An ogre mage (D:8)
  Urug (Lair:1)
  Nergalle (Lair:1)
  A spectral catoblepas (Lair:6)
  A fire crab (Lair:6)
  An unseen horror (D:8)
  3 lindwurms (Lair:6)
  A cyclops (D:8)
  3 black mambas
  5 spiny frogs
  5 torpor snails (Lair:6)
  Maggie (Lair:1)
  7 komodo dragons
  A tengu conjurer (D:8)
  3 hornets (Lair:6)
  14 blink frogs
  3 tyrant leeches (Lair:6)
  2 spectral dream sheep (Lair:6)
  5 hippogriffs
  A spriggan (D:7)
  A steam dragon (Lair:3)
  34 yaks
  A spectral komodo dragon (Lair:6)
  3 basilisks
  7 water moccasins
  13 porcupines
  4 sky beasts
  An orc warrior (D:6)
  An ice beast (D:8)
  5 ogres
  10 wolves
  3 phantoms
  2 necrophages (D:8)
  15 crocodiles
  9 bullfrogs
  5 scorpions
  3 wights (D:6)
  An electric eel (Lair:5)
  2 crimson imps
  A quasit (D:6)
  4 hounds
  A bullfrog zombie (D:8)
  2 bullfrog skeletons
  5 orc priests
  2 jellies (Lair:6)
  A centaur skeleton (D:8)
  An iguana (Lair:4)
  4 orc wizards
  6 worker ants
  A hound zombie (D:7)
  Robin (D:3)
  2 worker ant zombies
  5 adders
  2 gnolls
  4 river rats (D:4)
  2 shadow imps
  4 oozes
  5 worms
  2 dart slugs (D:1)
  9 leopard geckos
  22 orcs
  7 giant cockroaches
  23 goblins
  7 hobgoblins
  12 jackals
  2 quokkas (D:2)
  A ball python (D:2)
  7 bats
  12 frilled lizards
  7 kobolds
  6 rats
  2 fungi (Lair:6)
  6 plants
368 creatures vanquished.

Vanquished Creatures (collateral kills)
  2 hydras
  A spectral hydra (Lair:6)
  2 spiny frogs
  4 hornets (Lair:6)
  A hippogriff (Lair:6)
  4 blink frogs
  A spriggan (Lair:6)
  A spectral komodo dragon (Lair:6)
  A yak (Lair:5)
  A water moccasin (Lair:6)
  2 porcupines (Lair:4)
  4 crocodiles
  A gnoll sergeant (D:8)
  A torpor snail simulacrum (Lair:6)
  2 jellies (Lair:6)
  An iguana (Lair:4)
  2 gnolls (D:8)
  3 plants (Lair:6)
34 creatures vanquished.

Vanquished Creatures (others)
  11 fungi
  5 plants
16 creatures vanquished.

Grand Total: 418 creatures vanquished

Notes
Turn   | Place    | Note
-------+----------+-------------------------------------------
     0 | D:1      | Strow the Minotaur Berserker began the quest for the Orb.
     0 | D:1      | Reached XP level 1. HP: 19/19 MP: 0/0
    81 | D:1      | Reached skill level 4 in Axes
    82 | D:1      | Reached XP level 2. HP: 24/27 MP: 1/1
   965 | D:1      | Reached XP level 3. HP: 29/33 MP: 2/2
  1383 | D:2      | Reached ** piety under Trog
  1708 | D:2      | Reached skill level 5 in Axes
  1721 | D:2      | Found a hazy altar of Hepliaklqana.
  1807 | D:2      | Found a burning altar of Makhleb.
  1822 | D:2      | Reached XP level 4. HP: 39/41 MP: 3/3
  2168 | D:3      | Found a sparkling altar of Nemelex Xobeh.
  2494 | D:3      | Found a white marble altar of Elyvilon.
  2590 | D:3      | Found a shimmering altar of Xom.
  2594 | D:3      | Reached XP level 5. HP: 47/47 MP: 4/4
  2600 | D:3      | Found a shattered altar of Ashenzari.
  2600 | D:3      | Found a glowing golden altar of the Shining One.
  2763 | D:3      | Reached skill level 6 in Axes
  2821 | D:3      | Noticed Robin
  2848 | D:3      | Killed Robin
  3198 | D:4      | Reached *** piety under Trog
  3730 | D:4      | Noticed an ogre
  3734 | D:4      | Killed an ogre
  3734 | D:4      | Reached XP level 6. HP: 53/53 MP: 5/5
  3784 | D:4      | Reached skill level 7 in Axes
  3967 | D:4      | Reached XP level 7. HP: 49/60 MP: 6/6
  4146 | D:5      | Entered Level 5 of the Dungeon
  4157 | D:5      | Reached skill level 5 in Fighting
  4157 | D:5      | Reached skill level 8 in Axes
  4157 | D:5      | Reached skill level 5 in Armour
  4265 | D:5      | Found a hide-covered altar of Uskayaw.
  4400 | D:5      | Reached skill level 9 in Axes
  4633 | D:5      | Found an ornate altar of the Wu Jian Council.
  4692 | D:6      | Reached XP level 8. HP: 59/69 MP: 7/7
  4740 | D:6      | Noticed a hippogriff
  4753 | D:6      | Killed a hippogriff
  4787 | D:6      | Reached **** piety under Trog
  4787 | D:6      | Reached skill level 10 in Axes
  5465 | D:7      | Found a bloodstained altar of Trog.
  5478 | D:7      | Reached XP level 9. HP: 78/78 MP: 8/8
  5507 | D:7      | Found a staircase to the Ecumenical Temple.
  5754 | D:7      | Reached skill level 11 in Axes
  5912 | D:7      | Found an iron altar of Okawaru.
  6485 | D:8      | Found a runed translucent door.
  6485 | D:8      | Found a shimmering altar of Xom.
  6485 | D:8      | Noticed Nixze's ghost (novice DrFE)
  6485 | D:8      | Noticed a +2 flail of chaos
  6591 | D:8      | Reached skill level 12 in Axes
  6761 | D:8      | Noticed a cyclops
  6768 | D:8      | Killed a cyclops
  6787 | D:8      | Noticed an ogre mage
  6795 | D:8      | Killed an ogre mage
  6795 | D:8      | Reached skill level 13 in Axes
  6844 | D:8      | Noticed a tengu conjurer
  6913 | D:8      | Killed an unseen horror
  6913 | D:8      | Reached XP level 10. HP: 54/87 MP: 9/9
  7102 | D:8      | Found a staircase to the Lair.
  7132 | D:8      | Reached skill level 14 in Axes
  7800 | Lair:1   | Entered Level 1 of the Lair of Beasts
  7863 | Lair:1   | Reached skill level 1 in Shields
  8073 | Lair:1   | Reached skill level 1 in Evocations
  8130 | Lair:1   | Noticed Urug
  8198 | Lair:1   | Killed Urug
  8273 | Lair:1   | You fall into a shaft and drop 1 floor!
  8312 | Lair:2   | Found a hole to the Spider Nest.
  8329 | Lair:2   | Reached XP level 11. HP: 95/95 MP: 11/11
  8410 | Lair:2   | Reached skill level 15 in Axes
  9313 | Lair:1   | Noticed Maggie
  9539 | Lair:1   | Noticed Nergalle
  9555 | Lair:1   | Killed Nergalle
  9605 | Lair:1   | Reached skill level 10 in Armour
  9605 | Lair:1   | Reached skill level 5 in Dodging
  9859 | Lair:1   | Killed Maggie
 10239 | Lair:3   | Noticed Gastronok
 10810 | Lair:3   | Killed Gastronok
 10891 | Lair:3   | Reached XP level 12. HP: 105/106 MP: 13/13
 10985 | Lair:3   | Reached skill level 5 in Shields
 11090 | Lair:3   | Found the cursed +14 obsidian axe {vorpal, +Fly SInv
                  | *Curse}
 11647 | Lair:4   | Reached skill level 10 in Fighting
 11649 | Lair:4   | Reached skill level 16 in Axes
 11709 | Lair:4   | Noticed an eight-headed hydra
 11711 | Lair:4   | Found a staircase to the Swamp.
 11717 | Lair:4   | Killed a ten-headed hydra
 11856 | Lair:4   | Noticed a death yak
 11856 | Lair:4   | Noticed a death yak
 11857 | Lair:4   | Noticed a death yak
 11859 | Lair:4   | Noticed a death yak
 11859 | Lair:4   | Noticed a death yak
 11866 | Lair:4   | Killed a death yak
 11867 | Lair:4   | Killed a death yak
 11867 | Lair:4   | Killed a death yak
 11868 | Lair:4   | Killed a death yak
 11871 | Lair:4   | Killed a death yak
 12225 | Lair:4   | Noticed a five-headed hydra
 12235 | Lair:4   | Killed a nine-headed hydra
 12235 | Lair:4   | Reached skill level 5 in Evocations
 13287 | Lair:6   | Entered Level 6 of the Lair of Beasts
 13334 | Lair:6   | Found a runed translucent gate.
 13334 | Lair:6   | Found a runed translucent gate.
 13335 | Lair:6   | Found a runed translucent gate.
 13341 | Lair:6   | Noticed an eight-headed hydra
 13349 | Lair:6   | Reached XP level 13. HP: 93/115 MP: 14/16
 13352 | Lair:6   | Noticed Ritopur's ghost (journeyman DrTm)
 13379 | Lair:6   | Reached skill level 17 in Axes
 13385 | Lair:6   | Killed Ritopur's ghost
 13506 | Lair:6   | Found a staircase to the Slime Pits.
 14147 | Lair:6   | Found a runed translucent door.
 14626 | Lair:6   | Reached ***** piety under Trog
 15064 | Lair:6   | HP: 1/117 [15-headed hydra (11)]
 15064 | Lair:6   | Mangled by a 15-headed hydra

Levels and vault maps discovered:
D:1:      lemuel_arrival_behind_the_door_small, layout_basic,
          minmay_misc_feat_nine_boxes, solitary_fountain, minmay_lizard_king
D:2:      layout_basic, lemuel_doored_altar, makhleb_grotto_becter
D:3:      kennysheep_goblin_castle, layout_loops_cross, elyvilon_altar_5,
          nemelex_xobeh_ov_fountains_minmay, grunt_temple_overflow_open,
          st_stairs_14
D:4:      layout_basic, lightli_sewer_entry_pipes
D:5:      layout_rooms, kennysheep_mini, eat_drink_and_be_merry_uskayaw,
          first_ration
D:6:      layout_loops_cross
D:7:      layout_basic, okawaru_altar_gauntlet_db, minmay_temple_entry_ruins,
          kennysheep_nub, the_bakery, bloody_trog
D:8:      layout_loops_ring, minmay_lair_entry_grove, ebering_ghost_xom,
          minmay_evil_grid
Lair:1:   layout_loops_ring, uniq_urug, uniq_maggie, uniq_nergalle
Lair:2:   layout_gridlike, nicolae_spider_entry_non_spiders,
          chequers_serial_rivers_small_a, chequers_serial_rivers_room_a,
          beast_lair_carwin_5, serial_bayou_shore_a, serial_bayou_shore_b
Lair:3:   layout_chaotic_city, uniq_gastronok
Lair:4:   layout_cave_pods, minmay_swamp_entry_reptiles, fungi_pond_lemuel
Lair:5:   layout_misc_corridors, grunt_megastairs_3, infiniplex_staircase_pool
Lair:6:   hangedman_lair_in_review, layout_cave_pods, wormcave,
          nicolae_slime_entry_slimehenge, gammafunk_ghost_necromancy,
          serial_bayou_pond_e, st_stairs_12, grunt_forest_large_clearing_hut

Skill      XL: |  1  2  3  4  5  6  7  8  9 10 11 12 13 |
---------------+----------------------------------------+-----
Axes           | 4 5 6 7 9 10 13 14 15 16 17 | 17.6
Fighting       | 4 5 6 7 8 9 10 11 | 11.8
Armour         | 3 4 5 7 8 9 10 11 | 11.8
Dodging        | 3 4 6 7 8 |  8.7
Shields        | 2 4 6 7 |  7.9
Evocations     | 1 3 5 6 |  6.3

Action                   |  1- 3 |  4- 6 |  7- 9 | 10-12 | 13-15 || total
-------------------------+-------+-------+-------+-------+-------++-------
Melee: Hand axe          |    94 |   138 |   126 |       |       ||   358
       Headbutt          |    19 |    19 |    50 |    88 |    30 ||   206
       War axe           |       |       |   157 |   337 |       ||   494
       Broad axe         |       |       |       |   103 |   134 ||   237
Invok: Trog's Hand       |       |     2 |     4 |     8 |     2 ||    16
       Berserk           |       |     4 |     2 |     5 |     1 ||    12
       Brothers in Arms  |       |       |       |     4 |     1 ||     5
Evoke: Phial of floods   |       |       |       |       |     1 ||     1
  Use: Scroll            |     1 |     6 |     5 |    11 |     2 ||    25
       Potion            |       |     1 |       |     2 |     3 ||     6
 Stab: Distracted        |       |       |       |     1 |     2 ||     3
  Eat: Ration            |     1 |     1 |     1 |     6 |     1 ||    10
       Chunk             |       |    10 |     7 |     9 |     4 ||    30
Armor: Chain mail        |    40 |    73 |   110 |       |       ||   223
       Plate armour      |       |       |    75 |   188 |    82 ||   345
Dodge: Dodged            |    35 |    43 |   111 |   156 |    85 ||   430
Block: Buckler           |       |       |       |    49 |    40 ||    89

Table legend:
 A = Non-vault XP
 B = Vault XP
 C = Vault XP percentage of total XP
 D = Non-vault monster count
 E = Vault monster count
 F = Vault count percentage of total count
                 A         B        C        D         E       F
            +---------+---------+-------+---------+---------+-------
      Total |   32224 |   24133 |  42.8 |     253 |     138 |  35.3
            +---------+---------+-------+---------+---------+-------
        D:1 |      35 |      10 |  22.2 |      15 |       8 |  34.8
        D:2 |      42 |      46 |  52.3 |      24 |       1 |   4.0
        D:3 |      68 |      66 |  49.3 |      13 |      21 |  61.8
        D:4 |     420 |     105 |  20.0 |      17 |      11 |  39.3
        D:5 |     544 |       0 |   0.0 |      18 |       0 |   0.0
        D:6 |    1446 |       0 |   0.0 |      19 |       0 |   0.0
        D:7 |     218 |     250 |  53.4 |       7 |       7 |  50.0
        D:8 |    1091 |    4460 |  80.3 |      23 |      22 |  48.9
     Lair:1 |    3190 |    2021 |  38.8 |      16 |       3 |  15.8
     Lair:2 |    3377 |     909 |  21.2 |      16 |      14 |  46.7
     Lair:3 |    3228 |    2141 |  39.9 |      12 |       1 |   7.7
     Lair:4 |    9469 |     789 |   7.7 |      28 |       4 |  12.5
     Lair:5 |    1532 |    1196 |  43.8 |       9 |       6 |  40.0
     Lair:6 |    7564 |   12140 |  61.6 |      36 |      40 |  52.6
            +---------+---------+-------+---------+---------+-------
